Map: Pylon LE

Players

FromRussia

  • Race: Terran Terran
  • League: Silver
  • Spawn Location: 11:00

Sindyr - Winner!

  • Race: Terran Terran
  • League: Master
  • Spawn Location: 5:00

VOD

Have the link to the VOD?

Description

Time

  • Played on: Sept. 23, 2025, 10:12 a.m.
  • Length: 11:50
Show
View Real Time Build Order
Export as new Build Order

FromRussia Terran 

Build Orders:  

Get SALT Encoding   

  12  0:40  SCV  
  13  0:52  SCV  
  14  1:00  Command Center  
  14  1:02  Supply Depot  
  15  1:04  SCV  
  15  1:38  SCV  
  16  1:49  Command Center  
  16  1:50  Barracks  
  16  1:52  SCV  
  17  2:07  Barracks  
  17  2:08  SCV  
  17  2:13  SCV  
  19  2:30  Barracks, SCV  
  19  2:32  SCV  
  21  2:39  Marine  
  21  2:42  SCV  
  23  2:44  SCV  
  24  2:55  SCV, Marine  
  24  2:56  SCV  
  24  2:57  Marine  
  28  3:02  SCV  
  29  3:07  SCV  
  29  3:12  Refinery  
  30  3:13  Marine  
  30  3:15  Marine, Refinery  
  30  3:16  SCV  
  30  3:18  SCV  
  34  3:20  Marine  
  35  3:29  SCV  
  35  3:31  Marine, SCV  
  35  3:33  Marine, SCV  
  40  3:38  Marine  
  41  3:44  SCV  
  41  3:45  SCV  
  43  3:48  Marine  
  43  3:51  Marine  
  43  3:53  Engineering Bay  
  45  3:56  Marine  
  46  4:03  SCV  
  46  4:04  SCV, Supply Depot  
  46  4:05  SCV  
  46  4:06  Marine  
  46  4:07  Supply Depot  
  46  4:08  Marine  
  51  4:13  Marine  
  52  4:23  SCV  
  53  4:24  Factory  
  53  4:25  Marine  
  53  4:26  Marine  
  53  4:27  SCV  
  53  4:28  SCV  
  57  4:37  Supply Depot  
  57  4:43  SCV x3  
  60  4:45  Marine, Barracks Tech Lab  
  60  4:46  Marine  
  60  4:48  Terran Infantry Weapons Level 1  
  62  4:54  Refinery  
  62  4:56  Refinery  
  62  4:59  Refinery  
  62  5:01  Refinery  
  62  5:02  Planetary Fortress  
  62  5:03  Marine  
  62  5:05  SCV  
  65  5:07  SCV  
  65  5:11  Combat Shield  
  65  5:14  Factory Tech Lab  
  64  5:32  Marine x3  
  67  5:37  SCV x2  
  69  5:49  SCV x2  
  71  5:50  Marine  
  71  5:52  Command Center  
  72  5:58  Supply Depot  
  72  6:00  Supply Depot  
  75  6:04  Siege Tank, Supply Depot  
  75  6:08  SCV x2  
  75  6:09  Supply Depot  
  77  6:18  Supply Depot  
  77  6:19  Supply Depot, SCV  
  77  6:20  SCV  
  77  6:21  Supply Depot  
  77  6:23  Supply Depot  
  79  6:36  Siege Tank  
  82  6:47  Command Center  
  82  6:51  Hi-Sec Auto Tracking  
  82  6:59  Starport  
  82  7:02  Starport  
  82  7:04  Starport  
  82  7:06  Starport  
  82  7:08  Siege Tank  
  85  7:13  Orbital Command  
  85  7:40  Marine x3, Siege Tank  
  91  7:49  Refinery  
  91  7:50  Refinery, Missile Turret  
  91  7:52  Missile Turret  
  91  7:55  Missile Turret  
  91  7:58  Marine x3  
  93  8:00  Starport Tech Lab x2  
  94  8:06  Missile Turret  
  94  8:10  Missile Turret  
  94  8:12  Missile Turret  
  94  8:13  Starport Tech Lab  
  94  8:14  Starport Tech Lab  
  94  8:15  Marine, Missile Turret  
  94  8:16  Marine x2  
  97  8:21  Fusion Core  
  97  8:22  Armory  
  97  8:25  Armory  
  97  8:28  Armory  
  97  8:33  Marine x2  
  99  8:42  Planetary Fortress  
  99  8:43  SCV  
  99  8:44  SCV x2  
  102  8:54  Missile Turret  
  102  8:56  SCV x3, Missile Turret  
  102  8:58  Missile Turret  
  102  9:01  Missile Turret x2  
  105  9:08  SCV x3  
  101  9:20  SCV x2  
  90  9:32  SCV x2  
  90  9:35  Planetary Fortress  
  85  9:43  Command Center  
  85  9:49  Supply Depot  
  85  9:51  SCV x2  
  85  9:52  SCV  
  88  10:01  Marine x3  
  88  10:03  SCV  
  88  10:04  SCV x2  
  73  10:15  Banshee, SCV  
  73  10:16  Banshee x2, SCV x2  
  73  10:19  Marine x3  
  88  10:28  SCV x3, Supply Depot  
  91  10:34  Siege Tank  
  94  10:37  Marine x3, Banshee  
  94  10:40  SCV  
  101  10:43  SCV  
  101  10:54  Marine  
  101  10:55  Marine x2  
  95  11:06  Siege Tank  
  94  11:12  Marine x2  
  94  11:13  Marine  
  81  11:30  Marine x3  
Show
View Real Time Build Order
Export as new Build Order

Sindyr Terran - Winner!

Build Orders:  

Get SALT Encoding   

  12  0:02  SCV  
  14  0:14  SCV  
  14  0:18  Supply Depot  
  14  0:26  SCV  
  15  0:40  SCV  
  16  0:44  Barracks  
  16  0:50  Refinery  
  16  0:52  SCV  
  18  1:04  SCV  
  18  1:16  SCV  
  19  1:32  Orbital Command  
  19  1:35  Barracks Reactor  
  19  1:44  Command Center  
  19  1:53  Supply Depot  
  19  1:59  SCV  
  20  2:11  SCV  
  21  2:19  Barracks  
  21  2:24  Barracks  
  21  2:35  Reaper x2  
  23  2:47  SCV  
  24  2:59  SCV  
  25  3:10  Barracks Tech Lab  
  25  3:11  SCV  
  25  3:12  Barracks Tech Lab  
  26  3:17  Engineering Bay  
  26  3:23  SCV  
  27  3:27  Orbital Command  
  27  3:35  SCV  
  27  3:36  Stimpack  
  27  3:37  Engineering Bay  
  27  3:40  Combat Shield  
  28  3:47  SCV  
  29  3:52  Marine x2  
  32  3:56  Marine x2  
  32  3:59  SCV  
  32  4:01  SCV  
  35  4:10  Marine x2  
  35  4:11  SCV  
  35  4:13  SCV  
  35  4:14  Marine x2  
  41  4:19  Refinery  
  41  4:21  Refinery x2  
  41  4:24  SCV  
  42  4:25  SCV  
  42  4:28  Marine  
  44  4:36  SCV  
  44  4:37  Factory, SCV  
  46  4:44  Supply Depot x2  
  46  4:46  Supply Depot  
  46  5:00  Terran Infantry Weapons Level 1  
  46  5:05  Marine x3, SCV x2  
  46  5:06  Marauder  
  53  5:10  Terran Infantry Armor Level 1  
  53  5:18  SCV x2  
  55  5:23  Marine  
  55  5:24  Marauder  
  56  5:46  Barracks  
  56  5:48  Factory Reactor  
  56  5:55  Marine  
  56  5:56  Marine x3, Starport  
  60  5:57  Starport  
  60  6:03  Supply Depot  
  60  6:05  Supply Depot x2  
  60  6:09  Sensor Tower  
  60  6:11  SCV x2  
  62  6:13  Marine  
  62  6:14  Marine x2, Marauder  
  67  6:23  SCV  
  68  6:31  Marine  
  68  6:32  Marauder  
  71  6:35  Barracks  
  71  6:39  Starport Tech Lab  
  71  6:49  Barracks Reactor  
  71  6:51  Factory Tech Lab  
  71  7:04  Armory  
  71  7:21  Medivac x3  
  77  7:45  Marine  
  77  7:46  Marine x4, Marauder x2  
  77  7:51  Medivac x3  
  90  7:53  Hellbat  
  94  8:03  Marine  
  94  8:04  Marine x4  
  99  8:08  Marauder x2  
  103  8:17  Terran Infantry Weapons Level 2  
  103  8:18  Terran Infantry Armor Level 2  
  103  8:20  Terran Vehicle Weapons Level 1  
  103  8:21  Marine x2  
  103  8:24  Command Center  
  106  8:27  Reaper  
  106  8:29  Marauder x2  
  106  8:30  Barracks Reactor  
  110  8:37  Siege Tank  
  113  8:47  Marine  
  113  8:48  Marine x2  
  115  8:50  Marauder  
  115  8:51  Marauder, Medivac x2  
  115  8:52  Medivac  
  126  9:08  Marine x2  
  126  9:10  Marine x2  
  126  9:13  Marauder  
  126  9:19  Marine  
  126  9:20  Marine x2  
  126  9:22  Siege Tank  
  117  9:26  Marine x2  
  117  9:28  Marine x2  
  94  9:34  Marauder  
  94  9:37  Marauder  
  83  9:38  Marine x2  
  83  9:44  Marine x2  
  87  9:46  Marine x2  
  87  9:47  Orbital Command  
  89  9:56  Marauder, Marine x2  
  89  9:59  Marauder  
  95  10:02  Marine x2  
  95  10:03  Marine x2  
  97  10:12  Medivac x3  
  97  10:14  Marine x2  
  100  10:17  Marauder  
  100  10:19  Marine x2  
  100  10:20  Marauder  
  108  10:21  Marine x2  
  110  10:32  Marine  
  111  10:39  Marauder  
  111  10:41  Marauder  
  115  10:49  Marine x6  
  117  10:52  Viking x3  
  127  10:59  Marine  
  127  11:02  Marine  
  123  11:07  Marine x6  
  123  11:09  Refinery  
  123  11:11  Refinery  
  127  11:18  Marauder  
  128  11:20  Marine  
  128  11:25  Marine  
Tags
 
Matchup
TvT
Race
Terran
Replay Pack
Multiplayer
Spawn Locations
Cross Positions
Add a new tag
Caveats
  • Supply blocks, unpowered buildings, or Contaminate may cause inaccurate times.
  • Supply counts are checked every 10 seconds.